Map: Jardín de sombras

Players

MrFercho

  • Race: Zerg Zerg
  • League: Gold
  • Spawn Location: 11:00

TATORREA

  • Race: Protoss Protoss
  • League: Gold
  • Spawn Location: 7:00

tigro

  • Race: Terran Terran
  • League: Bronze
  • Spawn Location: 7:00

IA (Fácil)

  • Race: Terran Terran
  • Spawn Location: 11:00

IA (Fácil)

  • Race: Protoss Protoss
  • Spawn Location: 1:00

IA (Fácil)

  • Race: Zerg Zerg
  • Spawn Location: 1:00

IA (Fácil)

  • Race: Protoss Protoss
  • Spawn Location: 5:00

IA (Fácil)

  • Race: Terran Terran
  • Spawn Location: 5:00

VOD

Have the link to the VOD?

Description

Time

  • Played on: Aug. 12, 2020, 8:31 p.m.
  • Length: 8:16
Show
View Real Time Build Order
Export as new Build Order

MrFercho Zerg 

Build Orders: Pool First 

Get SALT Encoding   

  12  0:22  Drone  
  12  0:23  Spawning Pool  
  12  0:28  Drone  
  13  0:32  Drone  
  14  0:42  Overlord  
  14  1:01  Drone x2  
  16  1:06  Drone  
  16  1:10  Queen  
  19  1:23  Zergling x2  
  19  1:24  Extractor  
  19  1:28  Zergling x2  
  20  1:40  Zergling x2  
  21  1:49  Zergling x2  
  22  2:03  Overlord  
  22  2:19  Overlord  
  22  2:23  Zergling x2  
  22  2:24  Zergling x4  
  22  2:25  Zergling x2  
  26  2:37  Zergling x2  
  26  3:01  Zergling x2  
  26  3:02  Zergling x6  
  30  3:08  Drone  
  31  3:20  Zergling x2  
  32  3:41  Metabolic Boost  
  32  3:43  Drone x2  
  34  3:56  Drone  
  34  4:01  Hatchery  
  34  4:06  Drone  
  37  4:27  Pneumatized Carapace  
  37  4:29  Drone x2  
  37  4:50  Overlord x2  
  37  5:17  Drone  
  37  5:18  Drone x3  
  37  5:19  Hatchery  
  40  5:34  Roach Warren  
  39  5:37  Baneling Nest, Drone x3  
  39  5:38  Drone x2  
  39  5:41  Extractor  
  42  5:48  Drone  
  42  5:49  Queen, Drone  
  46  5:52  Lair  
  46  5:59  Drone x3  
  49  6:10  Evolution Chamber  
  49  6:11  Drone x3  
  51  6:13  Extractor  
  51  6:15  Extractor  
  49  6:33  Baneling x8  
  49  6:34  Baneling x3  
  49  6:37  Roach  
  49  6:38  Overlord x2  
  49  6:39  Overlord  
  51  6:53  Drone  
  51  6:54  Drone x2  
  54  7:03  Queen  
  56  7:13  Zergling x8  
  56  7:14  Zergling x8  
  64  7:31  Drone  
  64  7:32  Drone  
  64  7:33  Drone x6  
Show
View Real Time Build Order
Export as new Build Order

TATORREA Protoss 

Build Orders:  

Get SALT Encoding   

  12  0:02  Probe  
  13  0:15  Probe  
  13  0:19  Pylon  
  14  0:33  Probe  
  15  0:41  Gateway  
  15  0:45  Probe  
  16  0:57  Probe  
  16  1:01  Gateway  
  17  1:08  Assimilator  
  17  1:09  Probe  
  18  1:18  Pylon  
  18  1:21  Probe  
  19  1:33  Probe  
  19  1:34  Cybernetics Core  
  20  1:44  Assimilator  
  20  1:45  Probe  
  21  1:57  Probe  
  21  2:00  Pylon  
  22  2:08  Warp Gate (Chrono Boost)  
  22  2:09  Probe  
  22  2:24  Stalker x2  
  26  2:41  Gateway  
  26  2:43  Gateway  
  26  2:49  Twilight Council  
  26  2:55  Stalker  
  28  2:59  Zealot  
  30  3:17  Charge (Chrono Boost)  
  30  3:22  Forge  
  30  3:30  Pylon  
  30  3:55  Stalker x2  
  32  3:56  Stalker  
  32  3:58  Protoss Ground Weapons Level 1 (Chrono Boost)  
  32  4:00  Zealot  
  38  4:20  Zealot x2  
  38  4:21  Zealot  
  44  4:27  Zealot  
  46  4:37  Pylon  
  46  4:51  Blink (Chrono Boost)  
  46  5:07  Zealot x2  
  46  5:08  Zealot  
  46  5:11  Zealot  
  54  5:34  Pylon  
  54  5:37  Pylon  
  42  5:53  Stalker x2  
  42  5:54  Stalker  
  48  6:08  Stalker  
  50  6:32  Zealot  
  50  6:33  Zealot x3  
  58  7:13  Stalker x3  
  58  7:14  Stalker  
Show
View Real Time Build Order
Export as new Build Order

tigro Terran 

Build Orders:  

Get SALT Encoding   

  12  0:13  SCV  
  13  0:18  Supply Depot  
  13  0:25  SCV  
  14  0:37  SCV  
  15  0:44  Barracks  
  15  0:53  SCV  
  15  0:56  Refinery  
  16  1:04  Refinery  
  16  1:05  SCV  
  17  1:16  Engineering Bay  
  17  1:27  Supply Depot  
  17  1:34  SCV  
  18  1:46  SCV  
  19  1:58  SCV  
  20  2:11  Factory, SCV  
  21  2:23  SCV  
  21  2:24  Barracks Tech Lab  
  22  2:31  Terran Infantry Weapons Level 1  
  22  2:35  SCV  
  23  2:54  Barracks Tech Lab  
  23  3:08  Starport  
  23  3:27  Siege Tank  
  26  3:47  Marine  
  27  3:51  Combat Shield  
  27  3:55  Command Center  
  27  3:58  Orbital Command  
  27  4:05  Marine  
  28  4:14  Siege Tank  
  31  4:26  Terran Infantry Armor Level 1  
  31  4:29  Marine  
  32  4:45  Missile Turret  
  32  4:47  Marine  
  32  4:50  Medivac  
  35  5:04  Marine  
  35  5:06  Siege Tank, Missile Turret  
  39  5:09  Refinery  
  39  5:15  SCV  
  40  5:22  Marine  
  40  5:26  Starport Tech Lab  
  40  5:27  SCV  
  40  5:28  Missile Turret  
  42  5:39  SCV  
  42  5:40  Marine  
  39  5:48  Missile Turret  
  35  5:52  SCV  
  29  5:58  Marine  
  29  6:04  SCV  
  6  6:34  Barracks  
Show
View Real Time Build Order
Export as new Build Order

IA (Fácil) Terran 

Build Orders:  

Get SALT Encoding   

  12  0:01  SCV  
  13  0:13  SCV  
  14  0:20  Supply Depot  
  14  0:25  SCV  
  15  0:42  SCV  
  16  0:47  Refinery  
  16  0:51  Barracks  
  16  1:11  Supply Depot  
  16  1:20  Refinery  
  16  1:38  Marine  
  17  1:40  Orbital Command  
  17  1:57  Barracks Tech Lab  
  17  2:05  SCV  
  18  2:12  Supply Depot  
  18  2:15  Marauder  
  19  2:17  SCV  
  20  2:29  SCV  
  21  2:36  Marine  
  22  2:42  SCV  
  23  2:54  Marine, SCV  
  15  3:06  SCV  
  9  3:18  SCV  
Show
View Real Time Build Order
Export as new Build Order

IA (Fácil) Protoss 

Build Orders:  

Get SALT Encoding   

  12  0:01  Probe  
  13  0:13  Probe  
  14  0:21  Pylon  
  14  0:25  Probe  
  15  0:35  Probe  
  16  0:45  Assimilator  
  16  0:51  Gateway  
  16  0:55  Pylon  
  16  1:16  Assimilator  
  16  1:30  Zealot  
  18  1:40  Cybernetics Core  
  18  2:05  Pylon, Probe  
  18  2:09  Warp Gate  
  18  2:13  Probe  
  19  2:18  Adept  
  22  2:23  Probe  
  23  2:35  Probe  
  24  2:48  Probe  
  24  2:50  Stalker  
  23  3:00  Pylon, Probe  
  24  3:20  Zealot  
  26  3:47  Zealot  
  25  3:50  Probe  
  23  4:02  Probe  
  20  4:14  Probe  
  21  4:19  Stalker  
  23  4:26  Probe  
  24  4:35  Stalker  
  26  4:38  Probe  
  27  4:51  Probe  
  28  4:58  Zealot  
  30  5:05  Probe  
  30  5:26  Zealot  
  28  5:41  Zealot  
  24  5:55  Probe  
  23  6:01  Zealot  
  23  6:07  Probe  
  24  6:19  Probe  
  25  6:32  Probe  
  24  6:33  Zealot  
  26  6:50  Zealot  
  26  6:51  Probe  
  26  6:54  Robotics Facility  
  29  6:56  Pylon  
  29  7:03  Probe  
  28  7:11  Zealot  
  30  7:15  Probe  
  31  7:23  Pylon  
  31  7:29  Zealot  
  33  7:39  Nexus  
  33  7:42  Observer  
  34  7:53  Stalker  
Show
View Real Time Build Order
Export as new Build Order

IA (Fácil) Zerg 

Build Orders: Pool First 

Get SALT Encoding   

  12  0:01  Drone  
  13  0:12  Overlord  
  13  0:18  Drone  
  14  0:30  Drone  
  14  0:35  Drone  
  16  0:42  Spawning Pool  
  15  0:45  Drone  
  15  0:49  Extractor  
  15  0:51  Drone  
  16  0:59  Overlord  
  16  1:31  Zergling x2  
  16  1:32  Queen  
  19  1:33  Roach Warren  
  19  1:34  Extractor  
  19  1:37  Drone  
  18  1:42  Drone  
  18  1:43  Zergling x2  
  20  1:54  Zergling x2  
  21  2:06  Zergling x2  
  22  2:14  Overlord  
  22  2:25  Zergling x2  
  23  2:37  Zergling x2  
  24  2:39  Drone  
  24  2:43  Drone  
  26  2:48  Roach, Drone  
  27  3:00  Zergling x2  
  28  3:09  Drone  
  28  3:10  Overlord  
  28  3:11  Zergling x2  
  30  3:13  Drone  
  31  3:21  Drone  
  32  3:32  Roach  
  34  3:50  Zergling x2  
  34  5:19  Zergling x2  
  29  5:30  Zergling x2  
  30  5:42  Zergling x2  
  27  5:54  Zergling x2  
  26  6:06  Zergling x2  
  26  6:17  Zergling x2  
  26  6:29  Roach  
  28  6:32  Drone  
  28  6:33  Lair, Overlord  
  28  6:45  Roach  
  29  7:02  Zergling x2  
  28  7:09  Drone  
  28  7:13  Drone  
  28  7:14  Hatchery  
  29  7:18  Zergling x2, Drone  
  28  7:31  Overseer  
  28  7:32  Overseer  
  28  7:33  Roach  
  28  7:34  Queen  
  27  7:44  Drone  
  27  7:47  Roach  
  27  7:50  Drone  
  26  7:54  Drone  
  24  7:59  Drone  
  24  8:03  Drone  
Show
View Real Time Build Order
Export as new Build Order

IA (Fácil) Protoss 

Build Orders:  

Get SALT Encoding   

  12  0:01  Probe  
  13  0:13  Probe  
  14  0:21  Pylon  
  14  0:25  Probe  
  15  0:35  Probe  
  16  0:45  Assimilator  
  16  0:51  Gateway  
  16  0:55  Pylon  
  16  1:16  Assimilator  
  16  1:30  Zealot  
  16  1:39  Cybernetics Core  
  18  1:46  Probe  
  19  1:59  Pylon  
  19  2:00  Probe  
  19  2:08  Probe  
  21  2:16  Warp Gate, Probe  
  21  2:18  Adept  
  22  2:29  Probe  
  23  2:41  Probe  
  23  2:47  Zealot  
  24  2:53  Probe  
  25  3:05  Stalker, Probe  
  26  3:35  Adept  
  24  4:00  Probe  
  24  4:09  Probe  
  23  4:12  Stalker  
  26  4:21  Probe  
  24  4:35  Adept  
  24  4:56  Stalker  
  26  5:19  Adept  
  26  5:21  Probe  
  29  5:24  Pylon  
  29  5:26  Robotics Facility  
  27  5:33  Probe  
  26  5:41  Stalker  
  28  5:45  Probe  
  27  5:50  Pylon  
  26  5:57  Probe  
  26  6:04  Adept  
  29  6:09  Probe, Observer  
  31  6:25  Stalker, Observer  
  31  6:27  Probe  
  30  6:39  Probe  
  30  6:46  Immortal  
  32  6:51  Probe  
  33  6:55  Zealot  
  35  7:02  Pylon  
  35  7:03  Probe  
  34  7:16  Zealot  
  36  7:24  Immortal  
  36  7:26  Nexus  
  38  7:52  Adept  
  38  8:14  Stalker  
Show
View Real Time Build Order
Export as new Build Order

IA (Fácil) Terran 

Build Orders:  

Get SALT Encoding   

  12  0:01  SCV  
  13  0:13  SCV  
  14  0:18  Supply Depot  
  14  0:25  SCV  
  15  0:40  SCV  
  16  0:44  Barracks  
  16  0:46  Refinery  
  16  1:10  Supply Depot  
  16  1:20  Refinery  
  16  1:31  Marine  
  16  1:32  Orbital Command  
  17  1:51  Barracks Tech Lab  
  17  1:57  SCV  
  17  2:09  Marine, SCV  
  17  2:13  Supply Depot  
  18  2:21  SCV  
  18  2:27  Marine  
  19  2:34  SCV  
  20  2:45  Marine  
  20  2:46  SCV  
  21  2:58  SCV  
  21  3:03  Marine  
  22  3:10  SCV  
  23  3:21  Marauder  
  23  3:22  SCV  
  23  3:34  SCV  
  24  3:43  Marauder  
  24  3:46  SCV  
  25  3:58  SCV  
  26  4:03  Marine  
  25  4:21  Marine  
  23  4:39  Marine  
  23  4:40  SCV  
  23  4:57  Marauder  
  25  5:05  SCV  
  25  5:10  Factory  
  25  5:14  Supply Depot  
  24  5:17  SCV  
  24  5:18  Marine  
  23  5:30  SCV  
  24  5:36  Marine  
  24  5:42  SCV  
  26  5:45  Supply Depot  
  26  5:54  Marauder, SCV  
  26  5:57  Starport  
  26  6:03  Hellion  
  27  6:06  SCV  
  28  6:18  SCV  
  28  6:19  Marine  
  29  6:30  SCV  
  30  6:34  Hellion, Starport Tech Lab  
  32  6:42  SCV  
  32  6:43  Supply Depot  
  29  6:52  Raven  
  30  6:55  Hellion  
  30  6:57  SCV  
  31  7:07  Marauder  
  33  7:10  Command Center  
  32  7:19  SCV  
  32  7:22  Hellion  
  31  7:31  SCV  
  29  7:37  Marine  
  29  7:43  SCV  
  24  7:53  Hellion  
  24  7:55  SCV  
Tags
 
Add a new tag
Caveats
  • Supply blocks, unpowered buildings, or Contaminate may cause inaccurate times.
  • Supply counts are checked every 10 seconds.